AoeStats
← Sax

Arabia

509678245Analyzed
1v1 RM · 5d ago on Sep 27, 2026· 23m 56s· 2 players
Game mode
Random Map
Map size
Tiny (2 player)
Population
200
Speed
Normal
Resources
Standard
Victory
Conquest
Starting age
Dark Age
Ending age
Imperial Age
RankedLock teamsTeams togetherTeam positionsShared explorationLock speedFull tech treeHidden civsTurbo modeCheats
Victory
Defeat
🇧🇷 Franks · Brazil
1064
+15
🇷🇺 Britons · Russia
1049
-38
Sax
11:08 Feudal Age
10:41 Loom
12:07 Double-Bit Axe
16:43 Gold Mining
23:25 Castle Age
rodrigo
9:55 Feudal Age
8:56 Loom
10:31 Double-Bit Axe
18:31 Castle Age
18:04 Scale Barding Armor
21:12 Forging
Connection lost

Rejoining the realm…

Still unreachable

The connection could not be restored.

Session expired

The server has moved on; the page needs a fresh start.